 Dungeon Crawl Stone Soup version 0.19-a0-475-gfca3800 (webtiles) character file.

95 Kidiri the Magician (level 4, -2/24 HPs)
             Began as a Deep Elf Fire Elementalist on June 4, 2016.
             Splashed by a jelly's acid (7 damage)
             ... on level 2 of the Dungeon.
             The game lasted 00:12:41 (3146 turns).

Kidiri the Magician (Deep Elf Fire Elementalist)    Turns: 3146, Time: 00:12:41

Health: -2/24      AC: -6    Str:  5    XL:     4   Next: 39%
Magic:  5/21       EV: 13    Int: 21    God:
Gold:   162        SH:  0    Dex: 15    Spells: 4 memorised, 2 levels left

rFire  . . .     SeeInvis .     g - +0 dagger
rCold  . . .     Gourm    .     a - +0 robe
rNeg   . . .     Faith    .     (no shield)
rPois  .         Spirit   .     (no helmet)
rElec  .         Dismiss  .     (no cloak)
rCorr  .         Reflect  .     (no gloves)
SustAt .         Harm     .     (no boots)
MR     .....                    (no amulet)
Stlth  ++........               (no ring)
                                f - ring of magical power

@: corroded, not resistant to hostile enchantments, unstealthy
A: no striking features
a: no special abilities


You were on level 2 of the Dungeon.
You were not hungry.

You visited 1 branch of the dungeon, and saw 3 of its levels.

You collected 162 gold pieces.

Inventory:

Hand Weapons
 g - a +0 dagger (weapon)
Armour
 a - a +0 robe (worn)
 d - a cursed -2 leather armour
 l - a +0 leather armour
Jewellery
 f - a ring of magical power (left hand)
Scrolls
 e - 2 scrolls of remove curse
Potions
 m - a potion of brilliance {unknown}
Books
 b - a book of Flames

   Spells                             Type                      Level
   a - Flame Tongue                   Conjuration/Fire             1
   b - Throw Flame                    Conjuration/Fire             2
   c - Conjure Flame                  Conjuration/Fire             3
   d - Inner Flame                    Hexes/Fire                   3
   e - Sticky Flame                   Conjuration/Fire             4
   f - Fireball                       Conjuration/Fire             5
Comestibles
 c - 2 bread rations
 h - a meat ration


   Skills:
 - Level 2.4 Dodging
 - Level 2.4 Stealth
 * Level 4.2 Spellcasting
 * Level 3.2 Conjurations
 * Level 4.0 Fire Magic


You had 2 spell levels left.
You knew the following spells:

 Your Spells              Type           Power        Failure   Level  Hunger
a - Flame Tongue          Conj/Fire      ###..        2%          1    None
b - Throw Flame           Conj/Fire      ###...       4%          2    #......
c - Conjure Flame         Conj/Fire      ###.....     10%         3    ###....
d - Inner Flame           Hex/Fire       ##......     17%         3    ###....


Dungeon Overview and Level Annotations

Branches:
Dungeon (3/15)

Altars:
Kikubaaqudgha

Annotations:
D:3 Grinder


Message History

Aiming: Flame Tongue
Press: ? - help, Shift-Dir - straight line, f/p - jelly
Aim: a jelly The flame tongue hits the jelly.
The jelly is lightly wounded.
The jelly hits you.
You are splashed with acid!
The acid corrodes you!
The acid burns!
Unknown command.
You are no longer corroded.
There is a stone staircase leading up here.
The jelly hits you.
You are splashed with acid!
The acid corrodes you!
The acid burns!
* * * LOW HITPOINT WARNING * * *
You climb upwards.
There is a stone staircase leading down here.
Your magical contamination has completely faded away.
The jelly hits you.
* * * LOW HITPOINT WARNING * * *
You are splashed with acid!
The acid corrodes you!
The acid burns!
You die...

...#...#.##############..########
...#.###.................# ...#.#
###############...# ####
..##.##### #.....# #...# #...
..##....<# #.#...# #...# #.##
.#######.# #.#.#####...# #.#.
.........# #.#.#...#...# #...
.######### #.#.#.#.#...########
.###### #.#@#.#.#...#.......
......# #.#J#.#.#.###.######
......# #.#.#.#.....#.# #
......########>#.#.###.###.# #
.(h..........#.#.#...#.# #.# #
......######.#.#.###.#.# #.# #
.............#.......#.# #.# #
.####.##########.#####.# #.# #
.......................# #.# #


You could see a jelly.

Vanquished Creatures
  A worker ant (D:2)
  2 worms
  2 dart slugs (D:1)
  3 giant geckos
  5 orcs (D:3)
  4 giant cockroaches
  6 goblins
  7 hobgoblins
  3 jackals (D:2)
  7 kobolds
  4 bats
  2 giant newts
  5 rats
51 creatures vanquished.

Notes
Turn   | Place    | Note
--------------------------------------------------------------
     0 | D:1      | Kidiri the Deep Elf Fire Elementalist began the quest for the Orb.
     0 | D:1      | Reached XP level 1. HP: 10/10 MP: 6/6
   465 | D:1      | Reached XP level 2. HP: 15/15 MP: 2/8
   472 | D:1      | Learned a level 2 spell: Throw Flame
   946 | D:1      | Found an ancient bone altar of Kikubaaqudgha.
   986 | D:1      | Reached XP level 3. HP: 19/19 MP: 6/10
   991 | D:1      | Learned a level 3 spell: Conjure Flame
   995 | D:1      | Learned a level 3 spell: Inner Flame
  2484 | D:2      | Reached XP level 4. HP: 24/24 MP: 11/11
  2889 | D:3      | Noticed Grinder
  3146 | D:2      | Splashed by a jelly's acid

Vault maps used:
D:1:      lemuel_arrival_river_ford, minmay_misc_feat_more_columns,
          kennysheep_flooded_box, st_stairs_2, minmay_crystal_water
D:3:      uniq_grinder

Skill      XL: |  1  2  3  4 |
---------------+-------------+-----
Conjurations   | 2 3 |  3.2
Fire Magic     | 4 |  4.0
Spellcasting   | 4 |  4.2
Dodging        | |  2.4
Stealth        | |  2.4

Action                   |  1- 3 |  4- 6 || total
-------------------------+-------+-------++-------
Melee: Dagger            |     4 |       ||     4
 Cast: Flame Tongue      |    44 |    23 ||    67
       Throw Flame       |    23 |     5 ||    28
       Conjure Flame     |       |     1 ||     1
  Use: Scroll            |     6 |     2 ||     8
 Stab: Sleeping          |     1 |       ||     1
  Eat: Chunk             |     3 |     1 ||     4
       Royal jelly       |     1 |       ||     1
       Beef jerky        |       |     1 ||     1
Armor: Robe              |     4 |       ||     4
Dodge: Dodged            |    15 |     2 ||    17
